 Dungeon Crawl Stone Soup version 0.28-a0-589-g333b8329f1 (webtiles) character file.

Game seed: 12833617142684093981

149 sleeves the Caller (level 5, 0/35 HPs)
             Began as a Demonspawn Summoner on Oct 4, 2021.
             Slain by an orc (8 damage)
             ... on level 3 of the Dungeon.
             The game lasted 00:05:59 (4668 turns).

sleeves the Caller (Demonspawn Summoner)            Turns: 4668, Time: 00:05:59

Health: 0/35       AC:  2    Str:  9    XL:     5   Next: 9%
Magic:  5/8        EV: 12    Int: 17    God:
Gold:   113        SH:  0    Dex: 13    Spells: 2/8 levels left

rFire   . . .      SeeInvis .   l - +0 trident
rCold   . . .      Faith    .   (no shield)
rNeg    . . .      Spirit   .   a - +0 robe
rPois   .          Reflect  .   (no helmet)
rElec   .          Harm     .   (no cloak)
rCorr   .          Rampage  .   (no gloves)
Will    .....                   (no boots)
Stlth   ++........              (no amulet)
HPRegen 0.11/turn               (no ring)
MPRegen 0.22/turn               (no ring)

@: no status effects
A: claws 1, magic regeneration, sturdy frame 1
a: no special abilities


You were on level 3 of the Dungeon.
You visited 1 branch of the dungeon, and saw 3 of its levels.

You collected 113 gold pieces.

Inventory:

Hand Weapons
 b - a +0 dagger
   (You took it off a goblin on level 1 of the Dungeon)
 g - a +0 spear
   (You found it on level 1 of the Dungeon)
 l - a +0 trident (weapon)
   (You took it off an orc priest on level 3 of the Dungeon)
Armour
 a - a +0 robe (worn)
 j - a +0 helmet
   (You took it off Robin on level 2 of the Dungeon)
 m - a +0 buckler of protection
   (You found it on level 3 of the Dungeon)
Scrolls
 e - a scroll of teleportation {unknown}
 f - a scroll of magic mapping {unknown}
 i - a scroll of brand weapon {unknown}
 k - 2 scrolls of identify {unknown}
Potions
 c - a potion of might {unknown}
 d - a potion of ambrosia {unknown}
 h - a potion of heal wounds {unknown}


   Skills:
 - Level 1.7 Dodging
 - Level 1.7 Stealth
 - Level 2.0 Spellcasting
 + Level 6.4 Summonings


You had 2 spell levels left.
You knew the following spells:

 Your Spells              Type           Power      Damage    Failure   Level
a - Summon Small Mammal   Summ           92%        N/A       1%          1
b - Call Imp              Summ           23%        N/A       1%          2
c - Call Canine Familiar  Summ           23%        N/A       4%          3

Your spell library contained the following spells:

 Spells                   Type           Power      Damage    Failure   Level
 Freeze                   Ice            4%         1d3       19%         1
 Ensorcelled Hibernation  Hex/Ice        2%         N/A       28%         2
 Summon Guardian Golem    Hex/Summ       12%        N/A       16%         3
 Summon Ice Beast         Ice/Summ       12%        N/A       45%         4
 Summon Lightning Spire   Summ/Air       12%        N/A       45%         4
 Frozen Ramparts          Ice            2%         1d2       50%         3
 Spider Form              Tmut/Pois      0%         N/A       50%         3
 Summon Mana Viper        Hex/Summ       12%        N/A       82%         5
 Hailstorm                Conj/Ice       1%         3d3       88%         4
 Monstrous Menagerie      Summ           11%        N/A       100%        7


Dungeon Overview and Level Annotations

Branches:
Dungeon (3/15)

Altars:
Wu Jian
Zin


Innate Abilities, Weirdness & Mutations

You have sharp fingernails.
You regenerate magic rapidly.
Your movements are slightly less encumbered by armour. (ER -2)


Message History

The frilled lizard moves out of view.
A frilled lizard is nearby!
You reach to attack!
You closely miss the frilled lizard.
Your bat closely misses the frilled lizard.
You miss the frilled lizard. Your bat hits the frilled lizard.
You hit the frilled lizard.
You kill the frilled lizard!
No target in view!
No target in view!
You see here a frilled lizard corpse.
You pick up a book of Frost and begin reading...
You add the spells Freeze, Frozen Ramparts and Hailstorm to your library.
Your bat disappears in a puff of smoke!
Found an ornate altar of the Wu Jian Council.
A ball python comes into view.
The ball python hisses angrily.
A dart slug comes into view.
There are monsters nearby!
The ball python bites your rat. The ball python grabs your rat.
The ball python constricts your rat. The ball python bites your rat.
Your rat dies!
Your rat's corpse disappears in a puff of smoke!
You reach to attack!
You hit the ball python.
The ball python is moderately wounded.
The ball python misses you. The ball python grabs you.
The ball python constricts you. The ball python barely misses you.
The ball python constricts you.
You hit the ball python.
The ball python is severely wounded.
The ball python bites you. The ball python constricts you.
The dart slug bites you but does no damage.
Your rat bites the ball python.
The ball python dies!
You hit the dart slug.
The dart slug is heavily wounded.
The dart slug barely misses you.
You hit the dart slug.
The dart slug is heavily wounded.
Your rat bites the dart slug.
You hit the dart slug but do no damage.
The dart slug is severely wounded.
The dart slug launches a dart at you. The slug dart hits you.
Your rat bites the dart slug.
The dart slug dies!
No target in view!
No target in view!
Your rat disappears in a puff of smoke!
A hobgoblin comes into view.
A hobgoblin is nearby!
A hobgoblin is nearby!
A hobgoblin is nearby!
You reach to attack!
The helpless hobgoblin fails to defend itself.
You hit the hobgoblin.
The hobgoblin is almost dead.
You closely miss the hobgoblin.
The hobgoblin is almost dead.
The hobgoblin hits you but does no damage.
You barely miss the hobgoblin.
The hobgoblin is almost dead.
The hobgoblin hits you. The hobgoblin barely misses you.
You closely miss the hobgoblin.
The hobgoblin is almost dead.
The hobgoblin barely misses you.
You barely miss the hobgoblin.
The hobgoblin is almost dead.
The hobgoblin closely misses you.
You closely miss the hobgoblin.
The hobgoblin is almost dead.
The hobgoblin hits you but does no damage.
You hit the hobgoblin but do no damage.
The hobgoblin is almost dead.
The hobgoblin barely misses you.
You hit the hobgoblin.
You kill the hobgoblin!
No target in view!
No target in view!
You see here a hobgoblin corpse.
You see here a hobgoblin corpse.
A worm comes into view.
A worm is nearby!
A worm is nearby!
You reach to attack!
You barely miss the worm.
Your quokka bites the worm.
The worm barely misses your quokka.
You could not reach far enough!
Your quokka barely misses the worm.
You reach to attack!
You hit the worm but do no damage.
The worm is lightly wounded.
Your quokka bites the worm.
The worm completely misses your quokka.
You reach to attack!
You hit the worm.
The worm is moderately wounded.
Your quokka bites the worm. x2; The worm bites your quokka.
You reach to attack!
You hit the worm but do no damage.
The worm is heavily wounded.
Your quokka bites the worm.
You reach to attack!
You hit the worm.
The worm is severely wounded.
Your quokka bites the worm.
The worm barely misses your quokka.
You could not reach far enough!
Your quokka completely misses the worm.
Your quokka bites the worm.
The worm dies!
No target in view!
No target in view!
You swap places.
A bat comes into view.
You see here a worm corpse.
A bat is nearby!
A bat is nearby!
The bat hits you but does no damage.
You closely miss the bat. The bat hits you but does no damage.
The bat barely misses you. The bat hits you. x2
You hit the bat.
The bat is severely wounded.
The bat barely misses you.
You reach to attack!
You closely miss the bat.
The bat is severely wounded.
The bat hits you but does no damage.
You reach to attack!
You barely miss the bat.
The bat is severely wounded.
The bat barely misses you. The bat completely misses you.
You hit the bat but do no damage.
The bat is heavily wounded.
The bat hits you but does no damage. The bat misses you.
The bat barely misses you.
You closely miss the bat.
The bat is heavily wounded.
The bat hits you but does no damage. The bat barely misses you.
The bat hits you.
You barely miss the bat.
The bat is moderately wounded.
The bat misses you. The bat closely misses you.
You hit the bat.
You kill the bat!
No target in view!
Your quokka disappears in a puff of smoke!
You see here a bat corpse.
Found a stone staircase leading down.
No target in view!
A hobgoblin comes into view.
A hobgoblin is nearby!
The hobgoblin misses you.
You barely miss the hobgoblin. The hobgoblin hits you.
You closely miss the hobgoblin. Your quokka misses the hobgoblin.
The hobgoblin hits you.
You hit the hobgoblin but do no damage.
Your quokka barely misses the hobgoblin.
The hobgoblin closely misses you.
Your quokka bites the hobgoblin.
You hit the hobgoblin.
The hobgoblin is severely wounded.
The hobgoblin barely misses you.
Your quokka bites the hobgoblin.
The hobgoblin dies!
No target in view!
No target in view!
Your quokka disappears in a puff of smoke!
Found 21 bolts.
Key pressed, stopping explore.
No target in view!
Key pressed, stopping explore.
No target in view!
No target in view!
No target in view!
No target in view!
Key pressed, stopping explore.
No target in view!
A goblin comes into view. It is wielding a +0 club.
A goblin is nearby!
You hit the goblin.
You kill the goblin!
No target in view!
No target in view!
Found 11 gold pieces.
Things that are here:
a +0 club; 26 stones You now have 80 gold pieces (gained 11).
Found 23 bolts.
You now have 86 gold pieces (gained 6).
You now have 89 gold pieces (gained 3).
Your bat disappears in a puff of smoke!
An adder comes into view.
The adder hisses angrily.
You hit the adder.
The adder is lightly wounded.
The adder bites you but does no damage. The adder completely misses you.
You swap places.
Your quokka closely misses the adder.
The adder bites your quokka but does no damage.
You could not reach far enough!
Your quokka barely misses the adder.
The adder bites your quokka.
You reach to attack!
You hit the adder.
The adder is heavily wounded.
Your quokka bites the adder.
The adder bites your quokka.
Your quokka is poisoned.
The adder poisons your quokka!
Your quokka closely misses the adder.
The adder closely misses your quokka.
You could not reach far enough!
Your quokka misses the adder.
The adder completely misses your quokka.
You could not reach far enough!
Your quokka misses the adder. The adder misses your quokka.
You reach to attack!
You hit the adder.
You kill the adder!
No target in view!
No target in view!
No target in view!
Your quokka dies!
Your quokka's corpse disappears in a puff of smoke!
Found a stone staircase leading up.
h - a glowing pink potion
Found a robe.
i - a scroll labelled QIEW UREXINK A goblin comes into view.
It is wielding a +0 club.
A goblin is nearby!
A goblin is nearby!
A goblin is nearby!
The goblin shouts!
You reach to attack!
You hit the goblin.
The goblin is moderately wounded.
You barely miss the goblin.
The goblin is moderately wounded.
The goblin barely misses you.
You barely miss the goblin.
The goblin is moderately wounded.
The goblin hits you with a +0 club.
You closely miss the goblin.
The goblin is moderately wounded.
The goblin hits you with a +0 club.
You closely miss the goblin.
The goblin is moderately wounded.
The goblin hits you with a +0 club.
You barely miss the goblin.
The goblin is moderately wounded.
The goblin hits you with a +0 club.
You are too injured to fight recklessly!
You are too injured to fight recklessly!
You are too injured to fight recklessly!
You are too injured to fight recklessly!
You are too injured to fight recklessly!
You are too injured to fight recklessly!
You are too injured to fight recklessly!
A goblin is nearby!
A goblin is nearby!
You are too injured to fight recklessly!
You are too injured to fight recklessly!
Casting: Summon Small Mammal (safe; 1% risk of failure)
Confirm with . or Enter, or press ? or * to list all spells.
The goblin hits you but does no damage.
You swap places.
The goblin closely misses your quokka.
Your quokka bites the goblin.
The goblin dies!
Unknown command.
Memorise Call Imp, consuming 2 spell levels and leaving 3?
You start memorising the spell.
You continue memorising. x2
You finish memorising.
Spell assigned to 'b'.
This spell is quite dangerous to cast!
Memorise Call Canine Familiar, consuming 3 spell levels and leaving 0?
You start memorising the spell.
You continue memorising. x3
You finish memorising.
Spell assigned to 'c'.
Okay, then.
Your quokka disappears in a puff of smoke!
Things that are here:
a +0 club; a goblin corpse
Found a stone staircase leading down.
You now have 98 gold pieces (gained 9).
A goblin comes into view. It is wielding a +0 club.
The goblin shouts!
A goblin is nearby!
A goblin is nearby!
A beastly little devil appears in a puff of flame.
The goblin closely misses you.
You barely miss the goblin. The goblin hits you but does no damage.
Your crimson imp misses the goblin.
You hit the goblin.
You kill the goblin!
No target in view!
No target in view!
No target in view!
You swap places.
You see here a +0 club.
There is a stone staircase leading down here.
You pick up a book of Dreams and begin reading...
You add the spells Ensorcelled Hibernation and Spider Form to your library.
A bat and 2 goblins come into view.
Your crimson imp blinks!
There are monsters nearby!
There are monsters nearby!
You reach to attack!
The helpless bat fails to defend itself.
You hit the bat.
The bat is moderately wounded.
The goblin shouts!
You hear a shout! x3
The bat hits you. The bat misses you.
A shadowy apparition takes form in the air.
Your crimson imp disappears in a puff of smoke!
The bat completely misses you.
A goblin comes into view. It is wielding a +0 club.
You hit the bat.
You kill the bat!
Robin of the Strong Arm comes into view.
They are wielding a +0 club.
Robin roars a battlecry!
The goblins go into a battle-frenzy!
You hear a shout!
You hit the goblin.
You kill the goblin!
You hear a shout!
A goblin comes into view. It is wielding a +0 dagger.
You swap places.
The goblin hits your shadow imp with a +0 dagger.
Robin throws the goblin at you! The goblin misses you.
Your shadow imp hits the goblin.
Reach: g) +0 spear
Press: ? - help, Dir - move target Your weapon can't reach that far!
Okay, then.
You barely miss the goblin.
The goblin hits your shadow imp with a +0 dagger.
The goblin hits you with a +0 dagger.
Your shadow imp hits the goblin.
The goblin dies!
You hit the goblin.
The goblin is heavily wounded.
The goblin hits you with a +0 dagger.
Your shadow imp gestures at the goblin.
The goblin writhes in agony.
The goblin dies!
A goblin comes into view. It is wielding a +0 dagger.
The goblin hits your shadow imp with a +0 club!
Your shadow imp dies!
Your shadow imp disappears in a puff of smoke!
Items here: ( )) †.
A beastly little devil appears in a puff of frigid air.
You swap places.
The goblin hits your white imp but does no damage.
Your white imp hits the goblin.
Your white imp freezes the goblin.
The goblin dies!
Casting: Call Imp (safe; 3% risk of failure)
Press: ? - help, Q - select action, (/) - cycle Dir - look around, f - activate A beastly little devil appears in a puff of frigid air.
Your white imp disappears in a puff of smoke!
You swap places.
Your white imp completely misses Robin.
Reach: g) +0 spear
Press: ? - help, Dir - move target, f - Robin
Aim: Robin, wielding a +0 club, wearing a +0 animal skin and wearing a +0 helmet (ally target, about 33% to evade your +0 spear)
You reach to attack!
You hit Robin.
Robin is lightly wounded.
Robin closely misses your white imp.
Your white imp hits Robin.
Your white imp freezes Robin.
Reach: g) +0 spear
Press: ? - help, Dir - move target, f/p - Robin
Aim: Robin, wielding a +0 club, wearing a +0 animal skin and wearing a +0 helmet (heavily wounded, ally target, about 33% to evade your +0 spear)
You reach to attack!
You hit Robin.
Robin is severely wounded.
Robin throws the goblin at you!
Your white imp barely misses Robin.
Reach: g) +0 spear
Press: ? - help, Dir - move target, f/p - Robin
Aim: Robin, wielding a +0 club, wearing a +0 animal skin and wearing a +0 helmet (severely wounded, ally target, about 33% to evade your +0 spear)
You reach to attack!
You hit Robin.
Robin is almost dead.
The goblin barely misses you.
Robin hits your white imp with a +0 club.
Your white imp gestures at Robin.
The puff of frost hits Robin!
Robin dies!
You have reached level 4!
You feel stronger.
Your demonic ancestry asserts itself...
You feel less encumbered by your armour.
You hit the goblin.
You kill the goblin!
You see here a +0 dagger.
You swap places.
j - a +0 helmet
Things that are here:
a +0 club; a +0 animal skin 2 goblins come into view.
The goblin no longer looks unusually strong.
Items here: ( ))) ††.
You hit the goblin but do no damage. The goblin hits you with a +0 dagger.
You swap places.
Your white imp gestures at the goblin.
The puff of frost hits the goblin!
The goblin dies!
Things that are here:
a +0 club; a +0 animal skin Reach: g) +0 spear
Press: ? - help, Dir - move target, f - you That would be overly suicidal.
Okay, then.
Reach: g) +0 spear
Press: ? - help, Dir - move target, f - you That would be overly suicidal.
Okay, then.
Reach: g) +0 spear
Press: ? - help, Dir - move target, f - goblin
Aim: a goblin, wielding a +0 club (about 49% to evade your +0 spear)
You reach to attack!
You hit the goblin but do no damage.
Your white imp gestures at the goblin.
The puff of frost hits the goblin.
The goblin dies!
Unknown command.
Key pressed, stopping explore.
A goblin comes into view. It is wielding a +0 club.
A goblin is nearby!
A goblin is nearby!
A goblin is nearby!
You swap places.
You reach to attack!
You miss the goblin. You hit the goblin.
The goblin is almost dead.
The goblin barely misses you.
You hit the goblin but do no damage.
The goblin is severely wounded.
The goblin hits you with a +0 club.
You hit the goblin.
You kill the goblin!
No target in view!
No target in view!
Your white imp disappears in a puff of smoke!
Items here: ))) [ †.
Items here: ( ))) ††.
You see here a +0 dagger.
Things that are here:
a +0 dagger; a +0 dagger; a goblin corpse A goblin comes into view.
It is wielding a +0 club.
A goblin is nearby!
A beastly little devil appears in a puff of flame.
The goblin shouts!
You reach to attack!
You hit the goblin.
The goblin is moderately wounded.
You closely miss the goblin.
The goblin is moderately wounded.
The goblin barely misses you.
Your crimson imp blinks!
You closely miss the goblin.
The goblin is moderately wounded.
The goblin hits you with a +0 club.
Your crimson imp blinks!
The goblin hits you with a +0 club.
You hit the goblin.
You kill the goblin!
Your crimson imp blinks!
No target in view!
Your crimson imp blinks!
Your crimson imp disappears in a puff of smoke!
You see here a +0 club.
An adder comes into view.
The adder hisses angrily.
An adder is nearby!
You reach to attack!
You hit the adder.
The adder is heavily wounded.
A beastly little devil appears in a puff of flame.
Your crimson imp says, "I truckle to your fealty, O magnificent and rosy-lipped gentledemonspawn!"
The adder bites you.
You are poisoned.
The adder poisons you! The adder bites you.
You hit the adder.
The adder is almost dead.
You feel sick. The adder misses you.
You swap places.
You feel sick. The adder bites your crimson imp.
Your crimson imp is poisoned.
The adder poisons your crimson imp!
Your crimson imp hits the adder.
The adder dies!
No target in view!
No target in view!
You feel sick.
You feel sick.
You feel sick.
You are no longer poisoned.
Your crimson imp looks more healthy.
Your crimson imp disappears in a puff of smoke!
Key pressed, stopping explore.
A rat comes into view.
A rat is nearby!
A rat is nearby!
A beastly little devil appears in a puff of frigid air.
You swap places.
You reach to attack!
You hit the rat.
The rat is heavily wounded.
You closely miss the rat.
The rat is heavily wounded.
The rat bites you.
You hit the rat.
You kill the rat!
No target in view!
A goblin comes into view. It is wielding a +0 club.
A goblin is nearby!
A goblin is nearby!
A goblin is nearby!
Found a faded altar of an unknown god.
You reach to attack!
The helpless goblin fails to defend itself.
You hit the goblin.
You kill the goblin!
No target in view!
No target in view!
You see here a +0 club.
Found a stone staircase leading up.
There is a stone staircase leading up here.
A kobold comes into view. It is wielding a +0 whip.
A kobold is nearby!
You hit the kobold.
You kill the kobold!
No target in view!
No target in view!
No target in view!
No target in view!
No target in view!
An endoplasm comes into view.
An endoplasm is nearby!
An endoplasm is nearby!
An endoplasm is nearby!
You reach to attack!
You barely miss the endoplasm. You hit the endoplasm.
The endoplasm is lightly wounded.
The endoplasm barely misses you.
You hit the endoplasm.
You kill the endoplasm!
No target in view!
No target in view!
You swap places.
Done exploring.
Done exploring.
Done exploring.
Done exploring.
No target in view!
No target in view!
Done exploring.
Done exploring.
Done exploring.
(D) Dungeon
Where to? (Enter - D:2, ? - help)
You swap places.
Things that are here:
a +0 club; 26 stones
There is a stone staircase leading down here.
You climb downwards.
Your summoned ally is left behind.
There is a stone staircase leading up here.
There are monsters nearby!
There are monsters nearby!
There are monsters nearby!
There are monsters nearby!
A beastly little devil appears in a puff of flame.
The kobold shouts!
The endoplasm quivers.
The kobold throws a stone.
The stone barely misses you.
You reach to attack!
You hit the endoplasm.
The endoplasm is heavily wounded.
The kobold throws a stone.
The stone hits you.
You hit the endoplasm.
You kill the endoplasm!
You hit the adder skeleton but do no damage.
The adder skeleton misses you.
Your crimson imp hits the kobold but does no damage.
You hit the adder skeleton but do no damage.
The adder skeleton barely misses you.
Your crimson imp misses the kobold.
The kobold barely misses your crimson imp.
You hit the adder skeleton.
The adder skeleton is moderately damaged.
The adder skeleton bites you.
Your crimson imp hits the kobold.
The kobold throws a stone.
The stone misses your crimson imp. The stone closely misses you.
The adder skeleton bites you.
You hit the adder skeleton.
The adder skeleton is moderately damaged.
Your crimson imp hits the kobold but does no damage.
The kobold barely misses your crimson imp.
The adder skeleton barely misses you.
You hit the adder skeleton.
The adder skeleton is heavily damaged.
Your crimson imp blinks!
The adder skeleton closely misses you.
You closely miss the adder skeleton.
The adder skeleton is heavily damaged.
The adder skeleton misses you.
The kobold throws a stone.
The stone misses your crimson imp.
You hit the adder skeleton.
The adder skeleton is severely damaged.
The adder skeleton bites you.
The adder skeleton bites you but does no damage.
You barely miss the adder skeleton.
The adder skeleton is severely damaged.
The adder skeleton bites you but does no damage.
You hit the adder skeleton.
The adder skeleton is almost destroyed.
Your crimson imp closely misses the kobold.
The kobold completely misses your crimson imp.
The adder skeleton barely misses you.
Your crimson imp hits the kobold.
The kobold dies!
Your Summonings skill increases to level 6!
You hit the adder skeleton.
The adder skeleton is almost destroyed.
The adder skeleton misses you.
Your crimson imp closely misses the adder skeleton.
You hit the adder skeleton.
You destroy the adder skeleton!
No target in view!
No target in view!
Your crimson imp disappears in a puff of smoke!
HP restored.
Found a stone staircase leading down.
Things that are here:
a +0 whip; 3 stones
k - a scroll labelled QEHER MUMACOXT
Found a stone staircase leading down.
There is a stone staircase leading down here.
Found 22 stones.
k - 2 scrolls labelled QEHER MUMACOXT (gained 1)
Found a robe.
You see here a +0 robe.
Found 19 arrows.
You see here 19 arrows.
Found a robe.
Found a stone staircase leading up.
You pick up a book of Beasts and begin reading...
You add the spells Summon Ice Beast, Summon Mana Viper and Monstrous Menagerie to your library.
A ball python comes into view.
The ball python hisses angrily.
A beastly little devil appears in a puff of flame.
The ball python bites you. The ball python grabs you.
The ball python constricts you.
You barely miss the ball python. The ball python bites you.
The ball python constricts you.
You hit the ball python.
You kill the ball python!
No target in view!
No target in view!
Okay, then.
A beastly little devil appears in a puff of flame.
Your crimson imp disappears in a puff of smoke!
Okay, then.
Unknown command.
Unknown command.
Magic restored.
Found an escape hatch in the ceiling.
You see here a ball python corpse.
Found a whip.
You swap places.
There is an escape hatch in the ceiling here.
Your crimson imp disappears in a puff of smoke!
An orc comes into view. It is wielding a +0 short sword.
A beastly little devil appears in a puff of flame.
You swap places.
You reach to attack!
You hit the orc.
The orc is lightly wounded.
You swap places.
The orc hits your crimson imp with a +0 short sword.
Your crimson imp hits the orc.
You reach to attack!
You strike the helpless orc from behind!
You hit the orc.
You kill the orc!
No target in view!
No target in view!
You swap places.
Things that are here:
a +0 short sword; a +0 leather armour
Found an escape hatch in the floor.
An orc comes into view. It is wielding a +0 short sword.
The orc shouts!
You hear a shout! x2
The orc throws a boomerang.
The boomerang closely misses you.
Your crimson imp blinks!
You hear a shout!
An orc is nearby!
You swap places.
Found a leather armour.
Your crimson imp blinks!
The orc throws a boomerang.
The boomerang misses you.
An orc comes into view. It is wielding a +0 short sword.
You reach to attack!
You hit the orc but do no damage.
The orc throws a boomerang.
The boomerang closely misses you.
You reach to attack!
You closely miss the orc.
An orc comes into view.
It is wielding a +0 club and wearing a +2 chain mail of poison resistance.
You hit the orc.
The orc is heavily wounded.
The orc hits you with a +0 short sword.
Your crimson imp blinks!
You miscast Call Imp.
You are very lightly contaminated with residual magic.
Nothing appears to happen.
Your crimson imp closely misses the orc.
The orc closely misses you.
Your crimson imp barely misses the orc.
The orc hits you but does no damage.
Things that are here:
a +0 short sword; a +0 leather armour Your crimson imp blinks!
The orc hits you with a +0 short sword.
You swap places.
The orc hits your crimson imp but does no damage.
Your crimson imp misses the orc.
The orc throws a boomerang.
The boomerang barely misses your crimson imp.
The boomerang barely misses you. The orc barely misses your crimson imp.
Your crimson imp blinks!
The orc throws a boomerang.
The boomerang barely misses you.
Your magical contamination has completely faded away.
A shadowy apparition takes form in the air.
Your shadow imp barely misses the orc.
You hit the orc.
The orc is heavily wounded.
The orc hits you with a +0 short sword.
The orc hits your shadow imp with a +0 club.
Your shadow imp hits the orc.
The orc dies!
Reach: g) +0 spear
Press: ? - help, Dir - move target, f - orc
Aim: an orc, wielding a +0 club and wearing a +2 chain mail of poison resistance (about 33% to evade your +0 spear)
You reach to attack!
You closely miss the orc.
Your shadow imp hits the orc but does no damage.
Reach: g) +0 spear
Press: ? - help, Dir - move target, f/p - orc
Aim: an orc, wielding a +0 club and wearing a +2 chain mail of poison resistance (ally target, about 33% to evade your +0 spear)
You hit the orc but do no damage. The orc hits you with a +0 club.
Your shadow imp hits the orc but does no damage.
The orc hits your shadow imp with a +0 short sword.
Reach: g) +0 spear
Press: ? - help, Dir - move target, f/p - orc
Aim: an orc, wielding a +0 club and wearing a +2 chain mail of poison resistance (about 33% to evade your +0 spear)
You hit the orc but do no damage. The orc hits you with a +0 club.
* * * LOW HITPOINT WARNING * * *
Your shadow imp misses the orc.
The orc hits your shadow imp with a +0 short sword.
Your shadow imp gestures at the orc.
The orc writhes in agony!
The orc dies!
Your shadow imp gestures at the orc.
The orc writhes in agony!
The orc dies!
An orc priest comes into view. It is wielding a +0 trident.
There is an escape hatch in the ceiling here.
What are your orders? t - Shout!
Orders for allies: a - Attack new target. r - Retreat! s - Stop attacking. g - Guard the area. f - Follow me.
Anything else - Cancel.
Gang up on whom?
Press: ? - help, Dir - move target, f - orc priest
Aim: an orc priest, wielding a +0 trident Attack!
Your shadow imp gestures at the orc priest.
The orc priest writhes in agony.
The orc priest barely misses your shadow imp.
Your shadow imp closely misses the orc priest.
The orc priest closely misses your shadow imp.
Your shadow imp barely misses the orc priest.
The orc priest misses your shadow imp.
Your shadow imp barely misses the orc priest.
The orc priest completely misses your shadow imp.
Your shadow imp barely misses the orc priest.
The orc priest hits your shadow imp with a +0 trident.
Your shadow imp dies!
Your shadow imp disappears in a puff of smoke!
You are too injured to fight recklessly!
What are your orders? t - Shout!
Orders for allies: a - Attack new target. p - Attack previous target. r - Retreat! s - Stop attacking. g - Guard the area. f - Follow me.
Anything else - Cancel.
Gang up on whom?
Press: ? - help, Dir - move target, f/p - orc priest
Aim: an orc priest, wielding a +0 trident (purple smoke, lightly wounded)
Okay, then.
Casting: Call Imp (safe; 2% risk of failure)
Confirm with . or Enter, or press ? or * to list all spells.
Casting: Summon Small Mammal (safe; 1% risk of failure)
Confirm with . or Enter, or press ? or * to list all spells.
A beastly little devil appears in a puff of flame.
Your quokka bites the orc priest.
What are your orders? t - Shout!
Orders for allies: a - Attack new target. p - Attack previous target. r - Retreat! s - Stop attacking. g - Guard the area. f - Follow me.
Anything else - Cancel.
Gang up on whom?
Press: ? - help, Dir - move target, f/p - orc priest
Aim: an orc priest, wielding a +0 trident (moderately wounded, ally target) Attack!
Your quokka bites the orc priest.
The orc priest begins to cast a cantrip, but forgets the words!
Your crimson imp blinks!
Your quokka bites the orc priest.
The orc priest hits your quokka with a +0 trident.
Your quokka barely misses the orc priest.
The orc priest barely misses your quokka.
Your quokka bites the orc priest.
The orc priest dies!
You have reached level 5!
Your demonic ancestry asserts itself...
Your fingernails lengthen.
You swap places.
You see here a +0 trident.
l - a +0 trident
l - a +0 trident (weapon)
You start resting.
Magic restored.
Your quokka disappears in a puff of smoke!
Your crimson imp blinks!
Your crimson imp disappears in a puff of smoke!
A jackal comes into view.
A jackal is nearby!
A jackal is nearby!
A jackal is nearby!
A jackal is nearby!
A beastly little devil appears in a puff of frigid air.
The jackal barks!
You reach to attack!
You hit the jackal but do no damage. The jackal bites you.
You hit the jackal.
The jackal is heavily wounded.
The jackal closely misses you. x2
You barely miss the jackal.
The jackal is moderately wounded.
The jackal closely misses you.
You barely miss the jackal.
The jackal is moderately wounded.
The jackal bites you. The jackal closely misses you.
You closely miss the jackal.
The jackal is moderately wounded.
The jackal barely misses you. x2
You hit the jackal but do no damage.
The jackal is moderately wounded.
The jackal bites you but does no damage.
The jackal misses you.
You hit the jackal.
The jackal is heavily wounded.
The jackal misses you. The jackal bites you.
You swap places.
The jackal bites your white imp but does no damage.
Your white imp hits the jackal.
Your white imp freezes the jackal.
The jackal dies!
Reach: l) +0 trident
Press: ? - help, Dir - move target, f - you That would be overly suicidal.
Okay, then.
A jackal comes into view.
A jackal is nearby!
A jackal is nearby!
A jackal is nearby!
You swap places.
Reach: l) +0 trident
Press: ? - help, Dir - move target, f - jackal
Aim: a jackal (about 55% to evade your +0 trident)
You barely miss the jackal.
Your white imp disappears in a puff of smoke!
The jackal barely misses you. x2
You hit the jackal.
You kill the jackal!
HP restored.
Things that are here:
a +0 club; a +2 chain mail of poison resistance You see here a +0 short sword.
Things that are here:
a +0 short sword; 2 boomerangs; an orc corpse
Things that are here:
a +0 short sword; a +0 leather armour A bat comes into view.
A bat is nearby!
A bat is nearby!
A bat is nearby!
A bat is nearby!
A bat is nearby!
A beastly little devil appears in a puff of flame.
You barely miss the bat. The bat hits you but does no damage.
The bat misses you. The bat completely misses you.
The bat hits you but does no damage.
Your crimson imp blinks!
You hit the bat.
The bat is heavily wounded.
The bat barely misses you. The bat closely misses you.
You hit the bat.
The bat is severely wounded.
The bat hits you but does no damage.
A bat is nearby!
You reach to attack!
You hit the bat.
You kill the bat!
Found a shiny buckler.
You see here a +0 buckler of protection.
Key pressed, stopping explore.
No target in view!
You open the door.
Found a glowing silver altar of Zin.
There is an open door here.
You swap places.
There is an open door here.
You see here a +0 buckler of protection.
An orc comes into view. It is wielding a +0 flail.
You see here 15 gold pieces.
You now have 113 gold pieces (gained 15).
You swap places.
Search for what [? for help]? armor Your crimson imp blinks!
You see here a +0 buckler of protection.
m - a +0 buckler of protection You swap places.
Your crimson imp blinks!
The orc shouts!
An orc comes into view. It is wielding a +0 club.
There are monsters nearby!
There are monsters nearby!
A beastly little devil appears in a puff of flame.
The orc shouts!
Your crimson imp disappears in a puff of smoke!
An orc comes into view. It is wielding a +4 mace.
A goblin comes into view. It is wielding a +0 dagger.
Found a stone staircase leading up.
The orc shouts!
The goblin shouts!
You reach to attack!
You closely miss the orc. You hit the orc.
The orc is heavily wounded.
The orc hits you with a +0 flail! The orc barely misses you.
You hit the orc.
The orc is almost dead.
You barely miss the orc.
Your crimson imp closely misses the orc.
The orc hits your crimson imp with a +4 mace!
Your crimson imp barely misses the orc.
You closely miss the orc.
Your crimson imp hits the orc.
The orc hits your crimson imp with a +4 mace.
You closely miss the orc.
The orc is lightly wounded.
Your crimson imp hits the orc.
The orc hits you with a +4 mace.
You barely miss the orc.
The orc is heavily wounded.
Your crimson imp completely misses the orc.
The orc hits you with a +4 mace!
* * * LOW HITPOINT WARNING * * *
You are too injured to fight recklessly!
You are too injured to fight recklessly!
Your crimson imp barely misses the orc.
Your crimson imp blinks!
The orc hits you with a +4 mace.
* * * LOW HITPOINT WARNING * * *
Casting: Call Imp (safe; 1% risk of failure)
Confirm with . or Enter, or press ? or * to list all spells.
A shadowy apparition takes form in the air.
Casting: Call Imp (safe; 1% risk of failure)
Confirm with . or Enter, or press ? or * to list all spells.
You swap places.
The orc hits your shadow imp with a +4 mace.
Your shadow imp hits the orc.
Casting: Summon Small Mammal (safe; 1% risk of failure)
Confirm with . or Enter, or press ? or * to list all spells.
The orc hits your shadow imp with a +4 mace!
Your shadow imp dies!
Your shadow imp disappears in a puff of smoke!
The orc misses your rat.
Your rat barely misses the orc.
Unknown command.
Casting: Summon Small Mammal (safe; 1% risk of failure)
Confirm with . or Enter, or press ? or * to list all spells.
A beastly little devil appears in a puff of frigid air.
The orc hits your rat with a +4 mace.
Your rat dies!
Your rat's corpse disappears in a puff of smoke!
What are your orders? t - Shout!
Orders for allies: a - Attack new target. r - Retreat! s - Stop attacking. g - Guard the area. f - Follow me.
Anything else - Cancel.
Gang up on whom?
Press: ? - help, Dir - move target, f - orc
Aim: an orc, wielding a +4 mace and wearing a +0 ring mail (black smoke, severely wounded, ally target) Attack!
Your quokka closely misses the orc.
The orc hits your quokka with a +4 mace!
Your quokka dies!
Your quokka's corpse disappears in a puff of smoke!
Reach: l) +0 trident
Press: ? - help, Dir - move target, f/p - orc
Aim: an orc, wielding a +4 mace and wearing a +0 ring mail (severely wounded, ally target, about 42% to evade your +0 trident)
You reach to attack!
You barely miss the orc.
The orc is severely wounded.
Your white imp hits the orc.
The orc dies!
The orc misses your white imp.
Your white imp closely misses the orc.
Reach: l) +0 trident
Press: ? - help, Dir - move target, f - orc
Aim: an orc, wielding a +0 flail (heavily wounded, ally target, about 46% to evade your +0 trident)
You could not reach far enough!
The orc barely misses your white imp.
The goblin hits your white imp with a +0 dagger.
Your white imp hits the goblin.
Your white imp freezes the goblin.
The goblin dies!
The orc hits your white imp with a +0 flail.
Reach: l) +0 trident
Press: ? - help, Dir - move target, f/p - orc
Aim: an orc, wielding a +0 flail (heavily wounded, ally target, about 46% to evade your +0 trident)
You could not reach far enough!
The orc hits your white imp with a +0 club.
Your white imp dies!
Your white imp disappears in a puff of smoke!
Reach: l) +0 trident
Press: ? - help, Dir - move target, f/p - orc
Aim: an orc, wielding a +0 flail (purple smoke, heavily wounded, about 46% to evade your +0 trident)
You barely miss the orc.
The orc is heavily wounded.
The orc hits you with a +0 flail!
* * * LOW HITPOINT WARNING * * *
The orc hits you with a +0 club.
* * * LOW HITPOINT WARNING * * *
Reach: l) +0 trident
Press: ? - help, Dir - move target, f/p - orc
Aim: an orc, wielding a +0 flail (purple smoke, heavily wounded, about 46% to evade your +0 trident)
You barely miss the orc.
The orc is heavily wounded.
The orc misses you. The orc barely misses you.
The orc hits you with a +0 flail!
You die...

#.##...######.#
#...........>. .##
####.......... ... .
##.#.###### #.###.
#...# ..... #..##
######.## #..#
###........
###.†######..........
#...@o..##....###..##
#....o).......# #..#
###.......##...##
#....
#.........###.##
#.### #.######### ###
#.# #.##..##$# #.#
#.'.._#$$# #.#
####..##$# #######


You could see 2 orcs.

Vanquished Creatures
  2 adders (D:2)
  An adder skeleton (D:3)
  A dart slug (D:1)
  An orc (D:3)
  4 bats
  2 endoplasms
  9 goblins
  2 hobgoblins
  A jackal (D:3)
  2 quokkas
  A ball python (D:3)
  2 frilled lizards
  2 kobolds
  2 rats
32 creatures vanquished.

Vanquished Creatures (collateral kills)
  An orc priest (D:3)
  Robin (D:2)
  An adder (D:2)
  A worm (D:2)
  2 dart slugs
  4 orcs (D:3)
  A ball python (D:2)
  3 endoplasms (D:1)
  8 goblins
  A hobgoblin (D:2)
  A jackal (D:3)
  A quokka (D:1)
  A bat (D:1)
  2 kobolds
28 creatures vanquished.

Grand Total: 60 creatures vanquished

Notes
Turn   | Place    | Note
-------+----------+-------------------------------------------
     0 | D:1      | sleeves the Demonspawn Summoner began the quest for the
                  | Orb.
     0 | D:1      | Reached XP level 1. HP: 13/13 MP: 3/3
   225 | D:1      | HP: 6/13 [quokka (4)]
   534 | D:1      | HP: 5/13 [goblin (4)]
  1311 | D:1      | Gained mutation: You regenerate magic rapidly. [demonic
                  | ancestry]
  1311 | D:1      | Reached XP level 2. HP: 18/19 MP: 1/5
  1728 | D:1      | HP: 8/19 [quokka (5)]
  2654 | D:2      | Reached skill level 5 in Summonings
  2654 | D:2      | Reached XP level 3. HP: 16/24 MP: 4/6
  2845 | D:2      | Found an ornate altar of the Wu Jian Council.
  3251 | D:2      | Learned a level 2 spell: Call Imp
  3255 | D:2      | Learned a level 3 spell: Call Canine Familiar
  3501 | D:2      | Noticed Robin
  3514 | D:2      | Killed Robin
  3515 | D:2      | Gained mutation: Your movements are slightly less
                  | encumbered by armour. (ER -2) [demonic ancestry]
  3515 | D:2      | Reached XP level 4. HP: 20/30 MP: 3/7
  3904 | D:2      | Found a faded altar of an unknown god.
  4060 | D:3      | Reached skill level 6 in Summonings
  4319 | D:3      | HP: 15/30 [orc (2)]
  4342 | D:3      | Gained mutation: You have sharp fingernails. [demonic
                  | ancestry]
  4342 | D:3      | Reached XP level 5. HP: 20/35 MP: 5/8
  4640 | D:3      | HP: 15/35 [orc (9)]
  4667 | D:3      | HP: 9/35 [orc (8)]
  4668 | D:3      | Slain by an orc

Illustrated notes

Levels and vault maps discovered:
D:1:      minmay_arrival_widening_spiral_narrow, layout_basic,
          serial_co_window_serial, co_window_of_opportunity_a,
          co_window_corner_a, co_window_of_opportunity_a, co_window_corner_a,
          co_window_paths_a, co_window_of_opportunity_a, co_window_corner_ca,
          co_window_unsneaky_path_d, co_window_corner_b,
          co_window_of_opportunity_b, co_window_corner_b, co_window_paths_c,
          co_window_sun, co_window_4corner_b, glass_columns_b, glass_columns_a,
          glass_columns_c, glass_columns_b
D:2:      layout_loops_ring, hellmonk_ecumenical_altar_leap_of_faith,
          basic_altar, uniq_robin
D:3:      layout_loops_ring, pdpol_temple_overflow_zin_treasury_gozag_greed

Skill      XL: |  1  2  3  4 |
---------------+-------------+-----
Summonings     | 5 6 |  6.4
Dodging        | |  1.7
Stealth        | |  1.7
Spellcasting   | |  2.0

Action                   |  1- 3 |  4- 6 || total
-------------------------+-------+-------++-------
Melee: Unarmed           |    12 |       ||    12
       Dagger            |    46 |       ||    46
       Spear             |    76 |    45 ||   121
       Trident           |       |    23 ||    23
 Cast: Summon Small Mamm |    27 |     3 ||    30
       Call Imp          |     4 |    14 ||    18
 Stab: Sleeping          |     4 |     1 ||     5
       Distracted        |     1 |     1 ||     2
Armor: Robe              |    18 |     7 ||    25
Dodge: Dodged            |    83 |    36 ||   119

Table legend: (Time is in decaauts)
 A = Elapsed time spent in this place.
 B = Non-inter-level travel time spent in this place.
 C = Inter-level travel time spent in this place.
 D = Time resting spent in this place.
 E = Time spent auto-exploring this place.
 F = Levels seen in this place.
 G = Mean time per level.
                   A        B        C        D        E       F      G
               +--------+--------+--------+--------+--------+-----+--------+
         Total |   4685 |   4582 |    103 |    347 |   3646 |   3 | 1561.7 |
       Dungeon |   4685 |   4582 |    103 |    347 |   3646 |   3 | 1561.7 |
               +--------+--------+--------+--------+--------+-----+--------+

Top non-repeatable levels by time:
     D:1: 2643 daAuts
     D:2: 1412 daAuts
     D:3: 629 daAuts
